 Dungeon Crawl Stone Soup version 0.22.1-2-g9c5b331 (webtiles) character file.

720 Firecrotchwizard the Cleaver (level 7, 0/63 HPs)
             Began as a Hill Orc Fighter on Dec 24, 2018.
             Slain by a hound (4 damage)
             ... on level 5 of the Dungeon.
             The game lasted 00:07:31 (5178 turns).

Firecrotchwizard the Cleaver (Hill Orc Fighter)     Turns: 5178, Time: 00:07:32

Health: 0/63       AC:  9    Str: 21    XL:     7   Next: 70%
Magic:  7/7        EV:  7    Int:  8    God:
Gold:   91         SH: 10    Dex: 10    Spells: 6/6 levels left

rFire    . . .     SeeInvis .   a - +0 war axe
rCold    . . .     Gourm    .   c - +0 shield
rNeg     . . .     Faith    .   b - +0 scale mail
rPois    .         Spirit   .   (no helmet)
rElec    .         Reflect  .   x - +0 cloak
rCorr    .         Harm     .   y - +0 pair of gloves
MR       .....                  (no boots)
Stlth    ..........             (no amulet)
HPRegen  0.20/turn              (no ring)
MPRegen  0.10/turn              (no ring)

@: no status effects
A: no striking features
a: no special abilities


You were on level 5 of the Dungeon.
You were not hungry.

You visited 1 branch of the dungeon, and saw 5 of its levels.

You collected 91 gold pieces.

Inventory:

Hand Weapons
 a - a +0 war axe (weapon)
Missiles
 s - 3 javelins (quivered)
Armour
 b - a +0 scale mail (worn)
 c - a +0 shield (worn)
 x - a +0 cloak (worn)
   (You found it on level 3 of the Dungeon)
 y - a +0 pair of gloves (worn)
   (You found it on level 4 of the Dungeon)
Scrolls
 g - 3 scrolls of blinking {unknown}
 h - 5 scrolls of identify
 i - 2 scrolls of amnesia
 k - 2 scrolls of magic mapping {unknown}
 n - a scroll of fear
 o - a scroll of enchant weapon {unknown}
 p - 3 scrolls of teleportation {unknown}
 r - a scroll of fog {unknown}
 w - 2 scrolls of remove curse
Potions
 d - 2 potions of might
 e - 2 potions of lignification {unknown}
 j - 2 potions of curing {unknown}
 l - a potion of resistance {unknown}
 q - 2 potions of mutation {unknown}
 t - a potion of haste {unknown}
 u - a potion of invisibility {unknown}
 v - a potion of brilliance {unknown}
 z - a potion of berserk rage {unknown}
 A - 2 potions of heal wounds {unknown}
 B - a potion of flight {unknown}
Comestibles
 f - 9 rations
 m - 5 chunks of flesh {@w0}


   Skills:
 + Level 6.1 Fighting
 * Level 8.1 Axes
 - Level 3.2 Armour
 + Level 5.5 Shields


You had 6 spell levels left.
You didn't know any spells.
Your spell library contained the following spells:

 Spells                   Type           Power        Failure   Level  Hunger
 Confusing Touch          Hex            #.....       99%         1    ##.....
 Confuse                  Hex            #.......     100%        3    ####...
 Gell's Gravitas          Tloc           #.........   100%        3    ####...
 Petrify                  Tmut/Erth      #.......     100%        4    #####..
 Metabolic Englaciation   Hex/Ice        #.........   100%        5    ######.
 Yara's Violent Unravell  Hex/Tmut       #.........   100%        5    ######.


Dungeon Overview and Level Annotations

Branches:
Dungeon (5/15)
 Temple: D:4-7

Altars:
Ashenzari
Zin

Annotations:
D:3 2 transporters
D:4 3 runed doors, Lino's ghost, amateur DECj


Message History

a ring mail; an orc corpse You butcher the orc corpse.
A worker ant comes into view.
Things that are here:
a ring mail; 3 chunks of flesh {@w0} The worker ant twitches its antennae in your direction.
You see here a giant cockroach corpse.
You butcher the giant cockroach corpse.
The worker ant barely misses you.
You see here 2 chunks of flesh {@w0}.
m - 3 chunks of flesh {@w0} (gained 2)
The worker ant bites you but does no damage.
Your shield prevents you from hitting the worker ant.
You block the worker ant's attack.
You barely miss the worker ant. The worker ant bites you.
The worker ant barely misses you.
You take 1 damage, and have 41/62 hp.
You closely miss the worker ant.
The worker ant bites you but does no damage.
You slash the worker ant!
The worker ant bites you but does no damage.
The worker ant bites you.
You take 1 damage, and have 41/62 hp.
You hit the worker ant. The worker ant bites you.
You take 2 damage, and have 39/62 hp.
You closely miss the worker ant. The worker ant barely misses you.
You block the worker ant's attack.
You hit the worker ant but do no damage.
The worker ant bites you but does no damage.
The worker ant barely misses you.
You hit the worker ant.
You kill the worker ant!
You start resting.
Eating one of 3 chunks of flesh {@w0}.
You eat one of the 3 chunks of flesh {@w0}.
Health restored: 62
m - 5 chunks of flesh {@w0} (gained 3)
You see here a ring mail.
B - a fizzy silvery potion A hound skeleton comes into view.
A hound skeleton is nearby!
An ogre comes into view. It is wielding a giant club.
The ogre shouts!
Your shield and scale mail prevent you from hitting the hound skeleton.
The hound skeleton bites you but does no damage. x2
You barely miss the hound skeleton. You block the hound skeleton's attack.
You slash the hound skeleton!
The hound skeleton bites you but does no damage.
You block the hound skeleton's attack.
You closely miss the hound skeleton.
The hound skeleton bites you but does no damage.
You closely miss the hound skeleton. The hound skeleton bites you.
An adder comes into view.
You block the hound skeleton's attack.
You take 1 damage, and have 61/62 hp.
You barely miss the hound skeleton.
The hound skeleton bites you but does no damage.
You slash the hound skeleton!
You destroy the hound skeleton!
You closely miss the ogre. The ogre hits you with a giant club!
You take 11 damage, and have 50/62 hp.
Your shield prevents you from hitting the ogre.
The ogre hits you with a giant club!
You take 13 damage, and have 37/62 hp.
MASSIVE DAMAGE!!
You hit the ogre. The ogre hits you with a giant club!
You take 12 damage, and have 25/62 hp.
You hit the ogre. You block the ogre's attack. You block the adder's attack.
You slash the ogre!
Your shield and scale mail prevent you from hitting the adder.
The adder completely misses you. The ogre barely misses you.
You completely miss the ogre. You closely miss the adder.
You block the adder's attack. x2
You closely miss the ogre. You slash the adder!
The ogre hits you with a giant club. You block the adder's attack.
You take 4 damage, and have 21/62 hp.
You hit the ogre but do no damage. You slash the adder!
You kill the adder!
The ogre hits you with a giant club!
* * * LOW HITPOINT WARNING * * *
A hound comes into view.
You take 9 damage, and have 12/62 hp.
The hound barks!
You slash the ogre!
You kill the ogre!
Your Fighting skill increases to level 6!
Your Axes skill increases to level 8!
You hear a shout!
The hound bites you but does no damage. x2
The hound bites you.
* * * LOW HITPOINT WARNING * * *
You take 3 damage, and have 9/63 hp.
You closely miss the hound. The hound bites you but does no damage.
The hound bites you.
* * * LOW HITPOINT WARNING * * *
You take 1 damage, and have 8/63 hp.
You closely miss the hound. The hound bites you but does no damage.
You closely miss the hound. You block the hound's attack. The hound bites you.
* * * LOW HITPOINT WARNING * * *
You take 4 damage, and have 4/63 hp.
You slash the hound! The hound bites you.
You die...

#...####......
#.#...##.... .
#.###...(.# ..
######(#.....<###...
.........>..........
##.........).##...
#..#.........# .
###h#...#...[))#
#..@..#........#
#.#.###........# #
#.)..........#
..###.#......# ...#
#.##...#..# .####
#..######.. .. #.
#.# .. ..


You could see a hound.

Vanquished Creatures
  A phantom (D:4)
  An ogre (D:5)
  Blork the orc (D:4)
  A hound (D:4)
  An orc wizard (D:3)
  An orc priest (D:5)
  Natasha (thrice) (D:4)
  4 worker ants
  A hound skeleton (D:5)
  4 gnolls (D:4)
  6 adders
  5 worms
  A dart slug (D:2)
  A leopard gecko (D:2)
  8 orcs
  2 ball pythons
  4 bats
  16 giant cockroaches
  7 hobgoblins
  2 jackals (D:3)
  8 kobolds
  A quokka (D:4)
  5 frilled lizards
  7 goblins
  5 rats
96 creatures vanquished.

Notes
Turn   | Place    | Note
-------+----------+-------------------------------------------
     0 | D:1      | Firecrotchwizard the Hill Orc Fighter began the quest for
                  | the Orb.
     0 | D:1      | Reached XP level 1. HP: 19/19 MP: 1/1
   249 | D:1      | Reached skill level 3 in Axes
   448 | D:1      | Reached XP level 2. HP: 27/27 MP: 2/2
  1213 | D:2      | Reached skill level 4 in Fighting
  1213 | D:2      | Reached XP level 3. HP: 27/33 MP: 3/3
  1457 | D:2      | Reached skill level 4 in Axes
  1668 | D:2      | Reached XP level 4. HP: 34/40 MP: 4/4
  1681 | D:2      | HP: 9/40 [adder (4)]
  1687 | D:2      | HP: 8/40 [poisoned by an adder]
  1695 | D:2      | HP: 7/40 [poisoned by an adder]
  2064 | D:2      | Reached skill level 4 in Shields
  2447 | D:3      | Found a shattered altar of Ashenzari.
  2451 | D:3      | meem: I am meem, an upgrade of beem built by MalcolmRose
                  | (check out Malcolm's DCSS vids and other projects at
                  | http://youtube.com/malcolmrosegaming). To have me follow
                  | you in your games, type !subscribemeem - to make me go away
                  | forever, type !quitmeem - For help, type: !meem
  2468 | D:3      | Reached skill level 5 in Axes
  2507 | D:3      | Found a transporter.
  2536 | D:3      | Reached XP level 5. HP: 47/47 MP: 5/5
  2553 | D:3      | Found a transporter.
  2655 | D:3      | Found a glowing silver altar of Zin.
  3392 | D:4      | Reached skill level 5 in Fighting
  3392 | D:4      | Reached skill level 6 in Axes
  3392 | D:4      | Reached XP level 6. HP: 56/56 MP: 6/6
  3406 | D:4      | Noticed Natasha
  3415 | D:4      | Killed Natasha
  3495 | D:4      | Noticed Blork the orc
  3506 | D:4      | HP: 13/56 [Blork the orc/war axe (7)]
  3508 | D:4      | Killed Blork the orc
  3757 | D:4      | Noticed Natasha
  3766 | D:4      | Killed Natasha
  3773 | D:4      | Noticed Natasha
  3785 | D:4      | Killed Natasha
  3974 | D:4      | Noticed a phantom
  4214 | D:4      | Reached skill level 7 in Axes
  4214 | D:4      | Reached skill level 5 in Shields
  4217 | D:4      | Reached XP level 7. HP: 38/61 MP: 7/7
  4809 | D:4      | Found a runed gate.
  4809 | D:4      | Found a runed gate.
  4809 | D:4      | Found a runed gate.
  4809 | D:4      | Noticed Lino's ghost (amateur DECj)
  5004 | D:5      | Entered Level 5 of the Dungeon
  5171 | D:5      | HP: 12/62 [ogre/giant club (9)]
  5172 | D:5      | Reached skill level 6 in Fighting
  5172 | D:5      | Reached skill level 8 in Axes
  5177 | D:5      | HP: 4/63 [hound (4)]
  5178 | D:5      | Slain by a hound

Skill      XL: |  1  2  3  4  5  6  7 |
---------------+----------------------+-----
Axes           | 3 4 5 6 7 8 |  8.1
Fighting       | 4 5 6 |  6.1
Shields        | 4 5 |  5.5
Armour         | |  3.2

Action                   |  1- 3 |  4- 6 |  7- 9 || total
-------------------------+-------+-------+-------++-------
Melee: War axe           |   129 |   145 |    57 ||   331
Throw: Javelin           |     2 |    62 |     6 ||    70
  Use: Scroll            |       |     3 |       ||     3
  Eat: Chunk             |     3 |     7 |     4 ||    14
Armor: Scale mail        |    67 |    45 |    23 ||   135
Dodge: Dodged            |    44 |    40 |    12 ||    96
Block: Shield            |    63 |    78 |    22 ||   163

Vault maps used:
D:1:      dpeg_arrival_rooms_c, chequers_big_river, kennysheep_decorative_pillar
D:2:      minmay_roachtagon, first_ration
D:3:      gammafunk_steamed_eel, ashenzari_conservatory_becter, zin_statuary,
          kennysheep_flooded_box
D:4:      gammafunk_ghost_necromancy, uniq_blork_the_orc, uniq_natasha
D:5:      serial_shops, shop

Table legend:
 A = Turns spent in this place as a percentage of turns spent in the entire game.
 B = Non-inter-level travel turns spent in this place as a percentage of non-inter-level travel turns spent in the entire game.
 C = Inter-level travel turns spent in this place as a percentage of turns spent in this place.
 D = Turns resting spent in this place as a percentage of non-inter-level travel turns spent in this place.
 E = Turns spent auto-exploring this place as a percentage of non-inter-level travel turns spent in this place.
 F = Non-inter-level travel turns spent in this place divided by the number of levels of this place that you've seen.
                   A       B       C       D       E      F
               +-------+-------+-------+-------+-------+----------------------
         Total | 100.0 | 100.0 |   3.8 |  30.3 |  53.5 | 996.2
       Dungeon | 100.0 | 100.0 |   3.8 |  30.3 |  53.5 | 996.2
               +-------+-------+-------+-------+-------+----------------------

Table legend:
 A = Kills in this place as a percentage of kills in entire the game.
 B = Kills by you in this place as a percentage of kills by you in the entire game.
 C = Kills by friends in this place as a percentage of kills by friends in the entire game.
 D = Other kills in this place as a percentage of other kills in the entire game.
 E = Experience gained in this place as a percentage of experience gained in the entire game.
 F = Experience gained in this place divided by the number of levels of this place that you have seen.
                   A       B       C       D       E      F
               +-------+-------+-------+-------+-------+----------------------
         Total | 100.0 | 100.0 |   N/A |   N/A | 100.0 | 205.8
       Dungeon | 100.0 | 100.0 |   N/A |   N/A | 100.0 | 205.8
               +-------+-------+-------+-------+-------+----------------------
